 Dungeon Crawl Stone Soup version 0.28.0-53-g5a82cb258f (webtiles) character file.

Game seed: 15988294709466216922

360 safid the Cleaver (level 6, -4/52 HPs)
             Began as a Hill Orc Fighter on June 3, 2022.
             Was an Initiate of Beogh.
             Slain by a two-headed ogre
             ... wielding a +0 giant club
              (25 damage)
             ... on level 5 of the Dungeon.
             The game lasted 00:03:20 (4105 turns).

safid the Cleaver (Hill Orc Fighter)                Turns: 4105, Time: 00:03:21

Health: -4/52      AC:  7    Str: 21    XL:     6   Next: 65%
Magic:  6/6        EV:  9    Int:  8    God:    Beogh [......]
Gold:   153        SH:  4    Dex: 10    Spells: 5/5 levels left

rFire   . . .      SeeInvis .   a - +0 war axe
rCold   . . .      Faith    .   c - +0 buckler
rNeg    . . .      Spirit   .   b - +0 scale mail
rPois   .          Reflect  .   (no helmet)
rElec   .          Harm     .   (no cloak)
rCorr   .          Rampage  .   (no gloves)
Will    .....                   (no boots)
Stlth   ..........              (no amulet)
HPRegen 0.17/turn               (no ring)
MPRegen 0.10/turn               (no ring)

@: no status effects
A: no striking features
a: Renounce Religion


You were on level 5 of the Dungeon.
You worshipped Beogh.
Beogh was noncommittal.
You visited 1 branch of the dungeon, and saw 5 of its levels.

You collected 153 gold pieces.

Inventory:

Hand Weapons
 a - a +0 war axe (weapon)
Armour
 b - a +0 scale mail (worn)
 c - a +0 buckler (worn)
 h - a +0 ring mail of cold resistance
Jewellery
 u - a +4 ring of evasion
 v - a +4 ring of protection
 w - a ring of resist corrosion
Scrolls
 e - a scroll of silence {unknown}
 j - 3 scrolls of identify {unknown}
 k - a scroll of brand weapon {unknown}
 n - 3 scrolls of torment {unknown}
 o - a scroll of enchant weapon {unknown}
 p - a scroll of vulnerability {unknown}
 q - 2 scrolls of teleportation {unknown}
 t - 2 scrolls of magic mapping {unknown}
Potions
 d - a potion of might
 f - a potion of invisibility {unknown}
 g - a potion of heal wounds {unknown}
 i - a potion of ambrosia {unknown}
 l - 2 potions of curing {unknown}
 m - a potion of berserk rage {unknown}
 r - 2 potions of lignification {unknown}
 s - 2 potions of brilliance {unknown}


   Skills:
 - Level 4.0 Fighting
 + Level 8.0 Axes
 - Level 4.0 Armour
 - Level 4.0 Shields


You had 5 spell levels left.
You didn't know any spells.
Your spell library contained the following spells:

 Spells                   Type           Power      Damage    Failure   Level
 Call Canine Familiar     Summ           0%         N/A       99%         3
 Portal Projectile        Hex/Tloc       0%         N/A       99%         3
 Leda's Liquefaction      Hex/Erth       0%         N/A       100%        4


Dungeon Overview and Level Annotations

Branches:
Dungeon (5/15)
 Temple: D:4-7

Altars:
Xom

Annotations:
D:3 3 runed translucent doors, KittyFluff's ghost, amateur GrBe; jiml777's ghost, amateur GrEE


Message History

The orc is moderately wounded.
You closely miss something. Something hits you. The orc misses you.
The orc wizard casts a spell.
The orc wizard flickers and vanishes!
You hit the orc.
You kill the orc!
Beogh accepts your kill.
You barely miss something.
An orc comes into view. It is wielding a +0 hand axe.
Something hits you.
The two-headed ogre hits you with a +0 giant club.
The two-headed ogre closely misses you.
The orc shouts!
You hit the two-headed ogre but do no damage.
You hit something. You hit the bullfrog zombie.
The bullfrog zombie closely misses you.
An orc comes into view. It is wielding a +0 club.
Something hits you but does no damage.
An orc wizard comes into view. It is wielding a +0 dagger.
The orc shouts!
You slash the two-headed ogre!
The two-headed ogre is lightly wounded.
You miss something. You barely miss the orc.
The two-headed ogre barely misses you. You block the two-headed ogre's attack.
Something hits you but does no damage.
An orc comes into view. It is wielding a +0 trident.
A hound skeleton comes into view.
The hound skeleton moves out of view.
A magic dart appears from out of thin air!
The magic dart hits something!
The two-headed ogre hits you with a +0 giant club!
The two-headed ogre hits you with a +0 giant spiked club.
A hound comes into view.
The orc wizard gestures wildly while chanting.
The orc wizard flickers and vanishes!
There is a stone staircase leading up here.
The hound barks!
The two-headed ogre hits you with a +0 giant club!
The two-headed ogre hits you with a +0 giant spiked club!!
You die...

..... ...... ##... .....
..... ......... ....
.>)........h..... ....
..#. ....(.....# #... ##
...##........# ##{o.
...###...........###..#
#.............o#......#.
#.....@.......##.#o.o..
#..#...Oo.....##.#.#...
#....<.{....##...###.
#...........##.### .
##.............# .
##......#..#...#
###..########..... ####
...... ......


You could see a two-headed ogre, a hound and 2 orcs.

Vanquished Creatures
  Sigmund (D:4)
  A scorpion (D:4)
  A killer bee zombie (D:5)
  Robin (D:2)
  3 gnolls
  2 worms
  A dart slug (D:3)
  3 orcs
  2 ball pythons
  5 bats
  6 endoplasms
  2 giant cockroaches (D:1)
  10 goblins
  8 hobgoblins
  7 jackals
  10 kobolds
  A quokka (D:2)
  2 frilled lizards
  8 rats
74 creatures vanquished.

Vanquished Creatures (others)
  An orc (D:3)
  A bat (D:3)
  6 withered plants (D:3)
8 creatures vanquished.

Grand Total: 82 creatures vanquished

Notes
Turn   | Place    | Note
-------+----------+-------------------------------------------
     0 | D:1      | safid the Hill Orc Fighter began the quest for the Orb.
     0 | D:1      | Reached XP level 1. HP: 19/19 MP: 1/1
   198 | D:1      | Reached skill level 3 in Axes
   198 | D:1      | Reached XP level 2. HP: 27/27 MP: 2/2
   731 | D:2      | Reached XP level 3. HP: 29/33 MP: 3/3
  1046 | D:2      | Noticed Robin
  1060 | D:2      | Killed Robin
  1064 | D:2      | Reached XP level 4. HP: 25/40 MP: 4/4
  1352 | D:2      | Reached skill level 4 in Axes
  1379 | D:2      | Found a shimmering altar of Xom.
  1813 | D:3      | Found a runed translucent gate.
  1813 | D:3      | Found a runed translucent gate.
  1820 | D:3      | Found a runed translucent gate.
  1979 | D:3      | Became a worshipper of Beogh the Brigand
  2657 | D:3      | Noticed jiml777's ghost (amateur GrEE)
  2658 | D:3      | Noticed KittyFluff's ghost (amateur GrBe)
  3107 | D:4      | Reached skill level 5 in Axes
  3107 | D:4      | Reached XP level 5. HP: 37/46 MP: 5/5
  3202 | D:4      | Found Zohuted's Antique Armour Shoppe.
  3244 | D:4      | Reached skill level 6 in Axes
  3491 | D:4      | Noticed Sigmund
  3500 | D:4      | Killed Sigmund
  3501 | D:4      | Reached skill level 7 in Axes
  3501 | D:4      | Reached XP level 6. HP: 30/52 MP: 6/6
  3965 | D:5      | Entered Level 5 of the Dungeon
  3980 | D:5      | Reached skill level 8 in Axes
  4084 | D:5      | Noticed a two-headed ogre
  4105 | D:5      | Slain by a two-headed ogre

Illustrated notes

Levels and vault maps discovered:
D:1:      dpeg_arrival_rooms_a, layout_rooms, minmay_worlds_worst_comb
D:2:      layout_basic, basic_altar, uniq_robin
D:3:      layout_rooms, gammafunk_ghost_cemetery
D:4:      layout_basic, serial_shops, nicolae_shop_overgrown_old_shop,
          uniq_sigmund
D:5:      layout_cave_pools, minmay_temple_entry_gardened_gates, uniq_ijyb,
          uniq_grinder

Skill      XL: |  1  2  3  4  5  6 |
---------------+-------------------+-----
Axes           | 3 5 7 8 |  8.0
Fighting       | 4 |  4.0
Armour         | 4 |  4.0
Shields        | 4 |  4.0

Action                   |  1- 3 |  4- 6 || total
-------------------------+-------+-------++-------
Melee: War axe           |    89 |   133 ||   222
Invok: Convert to Beogh  |       |     1 ||     1
Armor: Scale mail        |    39 |    63 ||   102
Dodge: Dodged            |    42 |    66 ||   108
Block: Buckler           |    23 |    31 ||    54
